AoeStats
← Pauloko22

Arena

509796821Analyzed
1v1 RM · 5d ago on Sep 28, 2026· 45m 52s· 2 players
Game mode
Random Map
Map size
Tiny (2 player)
Population
200
Speed
Normal
Resources
Standard
Victory
Conquest
Starting age
Dark Age
Ending age
Imperial Age
RankedLock teamsTeams togetherTeam positionsShared explorationLock speedFull tech treeHidden civsTurbo modeCheats
Victory
Defeat
🇨🇱 Celts · Chile
478
+18
🇨🇴 Persians · Colombia
530
-18
Pauloko22
10:45 Feudal Age
9:28 Loom
15:06 Wheelbarrow
14:14 Man-at-Arms
15:29 Double-Bit Axe
15:41 Horse Collar
22:43 Castle Age
20:42 Gold Mining
21:03 Stone Mining
22:40 Scale Mail Armor
22:51 Forging
23:51 Chain Mail Armor
23:46 Heavy Plow
24:00 Bow Saw
25:24 Gold Shaft Mining
25:49 Stone Shaft Mining
24:59 Long Swordsman
25:25 Gambesons
26:42 Iron Casting
26:11 Pikeman
28:13 Hand Cart
33:11 Imperial Age
30:30 Town Watch
32:34 Town Patrol
35:20 Plate Mail Armor
37:14 Chemistry
36:35 Ballistics
36:11 Murder Holes
36:56 Heavy Scorpion
37:01 Capped Ram
39:25 Blast Furnace
38:34 Elite Woad Raider
39:50 Conscription
WilliamsSD03500
12:50 Feudal Age
13:56 Horse Collar
15:00 Double-Bit Axe
18:03 Wheelbarrow
17:29 Gold Mining
17:33 Stone Mining
24:26 Castle Age
30:29 Heavy Plow
31:21 Bow Saw
32:13 Hand Cart
32:53 Gold Shaft Mining
32:55 Stone Shaft Mining
33:31 Ballistics
34:15 Kamandaran
33:39 Pikeman
34:21 Squires
34:10 Gambesons
34:47 Crossbowman
35:34 Thumb Ring
38:09 Padded Archer Armor
38:12 Scale Mail Armor
38:21 Fletching
38:43 Forging
38:40 Scale Barding Armor
39:40 Husbandry
39:03 Light Cavalry
40:01 Bloodlines
40:17 Devotion
40:49 Leather Archer Armor
40:50 Chain Mail Armor
40:31 Bodkin Arrow
43:53 Imperial Age
44:51 Plate Mail Armor
44:52 Ring Archer Armor
44:43 Chain Barding Armor
44:59 Iron Casting
44:48 Citadels
45:51 Chemistry
46:34 Two-Man Saw
46:08 Crop Rotation
Connection lost

Rejoining the realm…

Still unreachable

The connection could not be restored.

Session expired

The server has moved on; the page needs a fresh start.